[Event "RUS-ch Rapid Men 2018"]
[Site "Sochi"]
[Date "2018.10.05"]
[Round "3"]
[White "Rozum, Ivan"]
[Black "Nazaretyan, Tigran"]
[Result "1-0"]
[ECO "A13"]
[WhiteElo "2573"]
[BlackElo "2248"]
[Annotator "RC"]
[PlyCount "129"]
[EventDate "2018.10.05"]
[EventType "swiss"]
[EventCountry "RUS"]
[SourceTitle "playchess.com"]
[Source "ChessBase"]
[SourceQuality "1"]
[TimeControl "900+10"]

1. c4 e6 2. Nc3 d5 3. e3 Nf6 4. Nf3 Be7 5. b3 O-O 6. Bb2 b6 7. cxd5 Nxd5 8. Nxd5 Qxd5 9. Qc2 Ba6 10. Bc4 Bxc4 11. bxc4 Qb7 12. d4 c5 13. dxc5 bxc5 14. h4 f6 15. Ke2 Nc6 16. a3 Rab8 17. Rab1 Qa6 18. g4 Na5 19. Rhc1 Rfd8 20. Qa4 Rb6 21. Bc3 Nb3 22. Qxa6 Nxc1+ 23. Rxc1 Rxa6 24. Bb2 Rb8 25. Rc2 Rab6 26. Bc1 Kf7 27. Nd2 h5 28. gxh5 Rh8 29. e4 Rxh5 30. Nf3 Rh8 31. Kf1 Rd8 32. Ke2 Rb3 33. Ne1 Rd4 34. f3 Rd8 35. Ng2 Bd6 36. Bf4 Bxf4 37. Nxf4 Rxa3 38. Rb2 Rd7 39. h5 Ra6 40. Rb5 Rc6 41. Ng6 Rc8 42. f4 Kg8 43. Ra5 Kh7 44. Ra6 e5 45. fxe5 fxe5 46. Ke3 Rd1 47. Rxa7 Re8 48. Rc7 Rh1 49. Ne7 Rxh5 50. Nf5 Rg5 51. Rxc5 g6 52. Rc7+ Kh8 53. Nd6 Rf8 54. Nf7+ Rxf7 55. Rxf7 Rg3+ 56. Kd2 Rg4 57. c5 Kg8 58. Rb7 Rg2+ 59. Kd3 Rg3+ 60. Kc4 Rg1 61. c6 Rc1+ 62. Kd5 Kf8 63. c7 Ke8 64. Kd6 Rd1+ 65. Ke6 1-0

[Event "RUS-ch Rapid Men 2018"]
[Site "Sochi"]
[Date "2018.10.05"]
[Round "3"]
[White "Panarin, Mikhail"]
[Black "Daurbekov, Murad"]
[Result "1-0"]
[ECO "C07"]
[WhiteElo "2562"]
[BlackElo "2063"]
[Annotator "ChessBase"]
[PlyCount "89"]
[EventDate "2018.10.05"]
[EventType "swiss"]
[EventCountry "RUS"]
[SourceTitle "playchess.com"]
[Source "ChessBase"]
[SourceQuality "1"]
[TimeControl "900+10"]

1. e4 e6 2. d4 d5 3. Nd2 c5 4. exd5 Qxd5 5. Ngf3 cxd4 6. Bc4 Qd8 7. O-O Nc6 8. Nb3 a6 9. a4 Nf6 10. Qe2 Be7 11. Rd1 Qc7 12. Nbxd4 Nxd4 13. Rxd4 O-O 14. Bf4 Qb6 15. c3 Bd7 16. Ne5 Rfd8 17. a5 Qc5 18. Nxd7 Rxd7 19. Rxd7 Nxd7 20. Bxe6 Nf6 21. Bb3 Re8 22. Be3 Qc8 23. Qc4 Qxc4 24. Bxc4 Bd8 25. Bd4 Bc7 26. h3 h6 27. Kf1 Ne4 28. Bd5 Nd2+ 29. Kg1 Rd8 30. Ba2 Bxa5 31. f3 Bc7 32. Rd1 Bf4 33. Kf2 h5 34. Ke2 h4 35. Rxd2 Bxd2 36. Kxd2 Rd6 37. Ke3 Rg6 38. Kf2 Kf8 39. Bd5 b5 40. f4 Ke8 41. Bc5 Rf6 42. Ke3 Rf5 43. Ke4 g6 44. b4 Kd7 45. Bf2 1-0

[Event "RUS-ch Rapid Men 2018"]
[Site "Sochi"]
[Date "2018.10.05"]
[Round "3"]
[White "Smagin, Sergey"]
[Black "Kobalia, Mikhail"]
[Result "1/2-1/2"]
[ECO "B40"]
[WhiteElo "2551"]
[BlackElo "2620"]
[Annotator "RC"]
[PlyCount "40"]
[EventDate "2018.10.05"]
[EventType "swiss"]
[EventCountry "RUS"]
[SourceTitle "playchess.com"]
[Source "ChessBase"]
[SourceQuality "1"]
[TimeControl "900+10"]

1. e4 c5 2. Nf3 e6 3. c3 Nf6 4. e5 Nd5 5. Na3 d6 6. Nc4 dxe5 7. Ncxe5 Nd7 8. Nxd7 Bxd7 9. Ne5 Bd6 10. Nxd7 Qxd7 11. d4 cxd4 12. Qxd4 O-O 13. Be2 Qc7 14. Qc4 Nf4 15. Qxc7 Bxc7 16. Bf3 Nd3+ 17. Ke2 Nxc1+ 18. Raxc1 Rad8 19. Rcd1 b6 20. h3 f5 1/2-1/2

[Event "RUS-ch Rapid Men 2018"]
[Site "Sochi"]
[Date "2018.10.05"]
[Round "3"]
[White "Sviridov, Valery"]
[Black "Antipov, Mikhail Al."]
[Result "0-1"]
[ECO "A05"]
[WhiteElo "2551"]
[BlackElo "2593"]
[Annotator "RC"]
[PlyCount "130"]
[EventDate "2018.10.05"]
[EventType "swiss"]
[EventCountry "RUS"]
[SourceTitle "playchess.com"]
[Source "ChessBase"]
[SourceQuality "1"]
[TimeControl "900+10"]

1. Nf3 Nf6 2. g3 d5 3. Bg2 c6 4. O-O a6 5. d3 Bf5 6. c4 dxc4 7. dxc4 Qxd1 8. Rxd1 e6 9. Nc3 Bc2 10. Re1 Bg6 11. Ne5 Nbd7 12. Nxg6 hxg6 13. Rd1 O-O-O 14. Bg5 Bb4 15. Ne4 Nxe4 16. Bxd8 Nxf2 17. Kxf2 Kxd8 18. h3 Bc5+ 19. e3 Ke7 20. b4 Bd6 21. Rab1 Rc8 22. Rd2 Rc7 23. c5 Be5 24. a3 Rc8 25. Rbd1 Nf6 26. Bf3 g5 27. Rb1 g6 28. Rc2 Nd7 29. a4 Rc7 30. Rbc1 Bf6 31. Be2 Ke8 32. Bf3 Be7 33. Be2 Rc8 34. Bf3 Ne5 35. Be2 Rd8 36. b5 axb5 37. axb5 Ra8 38. bxc6 bxc6 39. Rb1 Kf8 40. Rb4 Ra5 41. Re4 Nd7 42. Rd4 Nxc5 43. Bf3 Ra6 44. Rdc4 Nd3+ 45. Ke2 Ne5 46. Re4 Bd6 47. Rd4 Ke7 48. Rdd2 Bb4 49. Ra2 Rb6 50. Rdc2 Kf6 51. Be4 c5 52. Ra1 Rb8 53. Ra8 Rb6 54. Ra1 Kg7 55. Rcc1 g4 56. hxg4 Nxg4 57. Rab1 Ne5 58. Bg2 f5 59. Ra1 Kf6 60. Rh1 Bc3 61. Ra2 Rb3 62. Rc1 Bb4 63. Bf3 c4 64. Rac2 Ba3 65. Re1 Bc5 0-1

[Event "RUS-ch Rapid Men 2018"]
[Site "Sochi"]
[Date "2018.10.05"]
[Round "3"]
[White "Iljiushenok, Ilia"]
[Black "Sadovsky, Artem"]
[Result "1-0"]
[ECO "B13"]
[WhiteElo "2539"]
[BlackElo "2408"]
[Annotator "ChessBase"]
[PlyCount "95"]
[EventDate "2018.10.05"]
[EventType "swiss"]
[EventCountry "RUS"]
[SourceTitle "playchess.com"]
[Source "ChessBase"]
[SourceQuality "1"]
[TimeControl "900+10"]

1. e4 c6 2. d4 d5 3. exd5 cxd5 4. Bd3 Nf6 5. h3 Nc6 6. c3 g6 7. Nf3 Bg7 8. O-O O-O 9. Bf4 Ne4 10. Re1 f5 11. Qc1 Re8 12. Nbd2 Qb6 13. Re2 Bd7 14. Nb3 Rac8 15. Qe3 Na5 16. Nxa5 Qxa5 17. a4 Red8 18. Ne5 Bf6 19. f3 Nxc3 20. bxc3 Qxc3 21. Ree1 Be8 22. g4 Kh8 23. gxf5 g5 24. Bg3 Bh5 25. a5 Kg7 26. Rec1 Qb4 27. Rcb1 Qc3 28. Be1 Qc7 29. Rb2 b6 30. axb6 axb6 31. Rab1 Rd6 32. Ng4 Bxg4 33. hxg4 Rc6 34. Kg2 Qa7 35. Bg3 Qa3 36. Rb3 Qa2+ 37. R1b2 Qa1 38. Be5 Kf7 39. Bxf6 Rxf6 40. Rxb6 Rcc6 41. Rxc6 Qxb2+ 42. Rc2 Qb3 43. Re2 Qa3 44. Bb5 Qd6 45. Qe5 h5 46. Qxd6 Rxd6 47. gxh5 Kf6 48. Re6+ 1-0

[Event "RUS-ch Rapid Men 2018"]
[Site "Sochi"]
[Date "2018.10.05"]
[Round "3"]
[White "Potapov, Pavel"]
[Black "Bocharov, Ivan"]
[Result "0-1"]
[ECO "C77"]
[WhiteElo "2515"]
[BlackElo "2563"]
[Annotator "ChessBase"]
[PlyCount "62"]
[EventDate "2018.10.05"]
[EventType "swiss"]
[EventCountry "RUS"]
[SourceTitle "playchess.com"]
[Source "ChessBase"]
[SourceQuality "1"]
[TimeControl "900+10"]

1. e4 e5 2. Nf3 Nc6 3. Bb5 a6 4. Ba4 Nf6 5. d3 d6 6. c4 Be7 7. Nc3 O-O 8. h3 Nd4 9. Nxd4 exd4 10. Ne2 c5 11. O-O Rb8 12. Bc2 b5 13. b3 Ne8 14. Ng3 Bh4 15. a4 bxc4 16. bxc4 Nc7 17. Bd2 g6 18. Rb1 Bd7 19. Bh6 Re8 20. Qd2 Qf6 21. Qa5 Rxb1 22. Rxb1 Ne6 23. Bd2 Nf4 24. Bxf4 Qxf4 25. Nh1 Re5 26. Bd1 Kg7 27. Qc7 Bxh3 28. gxh3 Rg5+ 29. Kf1 Qh2 30. Rb7 Rg1+ 31. Ke2 Qf4 0-1

[Event "RUS-ch Rapid Men 2018"]
[Site "Sochi"]
[Date "2018.10.05"]
[Round "3"]
[White "Demidov, Mikhail"]
[Black "Murzin, Volodar"]
[Result "1/2-1/2"]
[ECO "A45"]
[WhiteElo "2514"]
[BlackElo "2340"]
[Annotator "ChessBase"]
[PlyCount "77"]
[EventDate "2018.10.05"]
[EventType "swiss"]
[EventCountry "RUS"]
[SourceTitle "playchess.com"]
[Source "ChessBase"]
[SourceQuality "1"]
[TimeControl "900+10"]

1. d4 Nf6 2. Bg5 g6 3. Bxf6 exf6 4. e3 d5 5. g3 c6 6. Bg2 Bd6 7. Ne2 f5 8. b3 Nd7 9. c4 Nf6 10. Nbc3 Be6 11. Qd3 Ne4 12. O-O O-O 13. Rfc1 Rc8 14. Rab1 Bb4 15. Nxe4 fxe4 16. Qd1 Qd7 17. Qf1 f5 18. Rc2 g5 19. Rbc1 Ba3 20. Rb1 Bd6 21. cxd5 cxd5 22. Rxc8 Rxc8 23. Rc1 Ba3 24. Rxc8+ Qxc8 25. Qd1 Kf7 26. Qd2 a6 27. Bf1 Qc6 28. Qa5 Be7 29. Qd2 Ke8 30. Qb2 a5 31. Nc3 Kf7 32. Nb5 h5 33. a3 Kg6 34. Qd2 b6 35. Na7 Qd7 36. Nb5 Qc6 37. Na7 Qd7 38. Nb5 Qc6 39. Na7 1/2-1/2

[Event "RUS-ch Rapid Men 2018"]
[Site "Sochi"]
[Date "2018.10.05"]
[Round "3"]
[White "Triapishko, Alexandr"]
[Black "Alekseev, Evgeny"]
[Result "1/2-1/2"]
[ECO "C84"]
[WhiteElo "2508"]
[BlackElo "2620"]
[Annotator "RC"]
[PlyCount "86"]
[EventDate "2018.10.05"]
[EventType "swiss"]
[EventCountry "RUS"]
[SourceTitle "playchess.com"]
[Source "ChessBase"]
[SourceQuality "1"]
[TimeControl "900+10"]

1. e4 e5 2. Nf3 Nc6 3. Bb5 a6 4. Ba4 Nf6 5. O-O Be7 6. d3 d6 7. c3 O-O 8. Nbd2 Re8 9. Re1 Bf8 10. Nf1 b5 11. Bc2 Nb8 12. a4 Bb7 13. Bg5 Nbd7 14. Ne3 h6 15. Bh4 Qb8 16. b4 c6 17. Bb3 Qc7 18. Qc2 d5 19. axb5 axb5 20. Rxa8 Rxa8 21. exd5 cxd5 22. Bg3 Rc8 23. Rc1 Bd6 24. Nf5 Nh5 25. Nxd6 Qxd6 26. d4 Nxg3 27. dxe5 Nxe5 28. hxg3 Nxf3+ 29. gxf3 Qf6 30. Qd3 d4 31. f4 Qc6 32. f3 dxc3 33. Kf2 Qb6+ 34. Kg2 Qc6 35. Kf2 Qb6+ 36. Kg2 Qc7 37. Kf2 Qc6 38. Rc2 g6 39. g4 Kg7 40. Kg3 Qb6 41. Rxc3 Qg1+ 42. Kh3 Qh1+ 43. Kg3 Qe1+ 1/2-1/2

[Event "RUS-ch Rapid Men 2018"]
[Site "Sochi"]
[Date "2018.10.05"]
[Round "3"]
[White "Moiseenko, Vadim"]
[Black "Miroshnichenko, Pavel"]
[Result "1-0"]
[ECO "A25"]
[WhiteElo "2492"]
[BlackElo "2275"]
[Annotator "ChessBase"]
[PlyCount "69"]
[EventDate "2018.10.05"]
[EventType "swiss"]
[EventCountry "RUS"]
[SourceTitle "playchess.com"]
[Source "ChessBase"]
[SourceQuality "1"]
[TimeControl "900+10"]

1. g3 e5 2. c4 Nc6 3. Bg2 g6 4. Nc3 Bg7 5. d3 f5 6. e3 Nf6 7. Nge2 O-O 8. O-O d6 9. Rb1 a5 10. a3 Ne7 11. b4 axb4 12. axb4 c6 13. d4 Be6 14. c5 Bc4 15. cxd6 Qxd6 16. dxe5 Qxe5 17. Bb2 Rfd8 18. Qc1 Qe6 19. Rd1 Qf7 20. h3 Ned5 21. Nxd5 Bxd5 22. Bxd5 Rxd5 23. Rxd5 Nxd5 24. b5 Ra2 25. Bxg7 Kxg7 26. bxc6 bxc6 27. Nd4 Ra7 28. Qxc6 Re7 29. Qd6 Nf6 30. Rb6 h6 31. Ne6+ Kh7 32. Nf4 Kg7 33. Ne6+ Kh7 34. Nd8 Qd5 35. Qxe7+ 1-0

[Event "RUS-ch Rapid Men 2018"]
[Site "Sochi"]
[Date "2018.10.05"]
[Round "3"]
[White "Gutenev, Alexander"]
[Black "Dudin, Gleb"]
[Result "1-0"]
[ECO "C11"]
[WhiteElo "2456"]
[BlackElo "2178"]
[Annotator "ChessBase"]
[PlyCount "69"]
[EventDate "2018.10.05"]
[EventType "swiss"]
[EventCountry "RUS"]
[SourceTitle "playchess.com"]
[Source "ChessBase"]
[SourceQuality "1"]
[TimeControl "900+10"]

1. e4 e6 2. d4 d5 3. Nc3 Nf6 4. e5 Nfd7 5. f4 c5 6. Nf3 Nc6 7. Be3 a6 8. Qd2 b5 9. Be2 Qb6 10. Nd1 cxd4 11. Nxd4 Bc5 12. c3 b4 13. O-O a5 14. Rc1 bxc3 15. bxc3 O-O 16. Nb2 a4 17. Rb1 Qa7 18. Bf2 Nxd4 19. cxd4 Be7 20. Nd3 Ba6 21. f5 exf5 22. Nf4 Bg5 23. Be3 Bxf4 24. Rxf4 Bxe2 25. Qxe2 g6 26. Qf3 Qa5 27. Qg3 Rfb8 28. Rbf1 Kf8 29. Rh4 h5 30. e6 Nf6 31. Qe5 Ng4 32. Rxg4 hxg4 33. Bh6+ Ke8 34. Bg5 fxe6 35. Qxe6+ 1-0

[Event "RUS-ch Rapid Men 2018"]
[Site "Sochi"]
[Date "2018.10.05"]
[Round "3"]
[White "Lugovskoy, Maxim"]
[Black "Savchenko, Boris"]
[Result "0-1"]
[ECO "A45"]
[WhiteElo "2428"]
[BlackElo "2562"]
[Annotator "ChessBase"]
[PlyCount "88"]
[EventDate "2018.10.05"]
[EventType "swiss"]
[EventCountry "RUS"]
[SourceTitle "playchess.com"]
[Source "ChessBase"]
[SourceQuality "1"]
[TimeControl "900+10"]

1. d4 Nf6 2. Nc3 d5 3. Bf4 a6 4. Nf3 e6 5. e3 c5 6. dxc5 Bxc5 7. Bd3 Bb4 8. O-O O-O 9. a3 Bxc3 10. bxc3 Nbd7 11. c4 dxc4 12. Bxc4 b5 13. Be2 Nd5 14. Bd6 Re8 15. c4 Nc3 16. Qc2 Nxe2+ 17. Qxe2 Nb6 18. c5 Bb7 19. Rfd1 Na4 20. Ne5 Nc3 21. Qg4 Nxd1 22. Rxd1 Rc8 23. Nxf7 Qf6 24. Ne5 Red8 25. f4 Qf5 26. Qxf5 exf5 27. Rd4 a5 28. Kf2 g6 29. h3 Kg7 30. g4 Kf6 31. h4 Ke6 32. Ke2 Be4 33. h5 Rg8 34. hxg6 hxg6 35. g5 Rh8 36. Nxg6 Rh2+ 37. Kd1 Rg8 38. Nf8+ Kf7 39. g6+ Ke8 40. Rxe4+ fxe4 41. c6 Rgh8 42. g7 Rh1+ 43. Kd2 R8h2+ 44. Kc3 Rd1 0-1

[Event "RUS-ch Rapid Men 2018"]
[Site "Sochi"]
[Date "2018.10.05"]
[Round "3"]
[White "Pogromsky, Mikhail"]
[Black "Yuffa, Daniil"]
[Result "0-1"]
[ECO "A05"]
[WhiteElo "2415"]
[BlackElo "2563"]
[Annotator "ChessBase"]
[PlyCount "72"]
[EventDate "2018.10.05"]
[EventType "swiss"]
[EventCountry "RUS"]
[SourceTitle "playchess.com"]
[Source "ChessBase"]
[SourceQuality "1"]
[TimeControl "900+10"]

1. Nf3 Nf6 2. c4 g6 3. Nc3 Bg7 4. d4 O-O 5. h3 d5 6. cxd5 Nxd5 7. e4 Nxc3 8. bxc3 c5 9. Be2 Nc6 10. Be3 cxd4 11. cxd4 Qa5+ 12. Bd2 Qa3 13. d5 Ne5 14. Nxe5 Bxe5 15. Rb1 Qxa2 16. O-O a5 17. Bh6 Rd8 18. f4 Bf6 19. Rc1 a4 20. Bc4 Qb2 21. e5 Bh4 22. Rb1 Qc3 23. Ba2 Bxh3 24. Qf3 Qc5+ 25. Kh2 Bf5 26. Rxb7 Qc2 27. Bb1 Qc8 28. d6 exd6 29. Ba2 Be6 30. f5 Bxa2 31. fxg6 hxg6 32. Rxf7 Qe6 33. Rf6 Qxe5+ 34. Rf4 Rf8 35. Bxf8 Rxf8 36. Qg4 Bg5 0-1

[Event "RUS-ch Rapid Men 2018"]
[Site "Sochi"]
[Date "2018.10.05"]
[Round "3"]
[White "Kurbedinov, Ramis"]
[Black "Belyakov, Bogdan"]
[Result "0-1"]
[ECO "A06"]
[WhiteElo "2305"]
[BlackElo "2458"]
[Annotator "RC"]
[PlyCount "112"]
[EventDate "2018.10.05"]
[EventType "swiss"]
[EventCountry "RUS"]
[SourceTitle "playchess.com"]
[Source "ChessBase"]
[SourceQuality "1"]
[TimeControl "900+10"]

1. Nf3 d5 2. e3 Bg4 3. c4 dxc4 4. Bxc4 e6 5. Qb3 Bxf3 6. gxf3 Qc8 7. d4 Nf6 8. Nc3 Be7 9. d5 e5 10. d6 cxd6 11. Bxf7+ Kf8 12. Be6 Qc7 13. Nd5 Nxd5 14. Bxd5 Nc6 15. Bd2 Qb6 16. Qxb6 axb6 17. a3 Ke8 18. h4 Bf6 19. O-O-O h5 20. Kb1 Ra4 21. Be4 d5 22. Bxd5 Rxh4 23. Bc3 Rxh1 24. Rxh1 Ke7 25. Bb4+ Kd7 26. Be4 Nxb4 27. axb4 Kc7 28. b5 h4 29. Bf5 Kd6 30. Bh3 Kc5 31. Rd1 Kxb5 32. Kc2 Kc6 33. Kb3 b5 34. Bd7+ Kc5 35. Bh3 Re8 36. Rd7 Kb6 37. Rd6+ Kc5 38. Rd7 e4 39. f4 Rd8 40. Rxd8 Bxd8 41. Kc2 Ba5 42. Kd1 Kc4 43. Ke2 Kb3 44. Bg2 Kxb2 45. Bxe4 b6 46. Bd3 b4 47. Kf3 Kc3 48. Bb1 b5 49. Kg4 Bd8 50. e4 b3 51. e5 b2 52. f5 Kd2 53. f6 gxf6 54. e6 Kc1 55. Bf5 b1=Q 56. Bxb1 Kxb1 0-1

[Event "RUS-ch Rapid Men 2018"]
[Site "Sochi"]
[Date "2018.10.05"]
[Round "3"]
[White "Barsamian, Eduard"]
[Black "Kryakvin, Dmitry"]
[Result "0-1"]
[ECO "D12"]
[WhiteElo "2232"]
[BlackElo "2595"]
[Annotator "ChessBase"]
[PlyCount "110"]
[EventDate "2018.10.05"]
[EventType "swiss"]
[EventCountry "RUS"]
[SourceTitle "playchess.com"]
[Source "ChessBase"]
[SourceQuality "1"]
[TimeControl "900+10"]

1. d4 Nf6 2. c4 c6 3. Nf3 d5 4. e3 Bf5 5. Nc3 e6 6. Nh4 Be4 7. f3 Bg6 8. Qb3 Qc7 9. Bd2 Be7 10. Nxg6 hxg6 11. g3 a6 12. Bd3 dxc4 13. Bxc4 b5 14. Be2 c5 15. dxc5 Nbd7 16. Rc1 Nxc5 17. Qc2 Rc8 18. O-O O-O 19. b4 Na4 20. Qb3 Nxc3 21. Bxc3 Nd5 22. Bb2 Qb7 23. a3 Nb6 24. Bd4 Bf6 25. Bxf6 gxf6 26. Rfd1 f5 27. Kf2 Nd5 28. h4 Qb6 29. Qd3 Rfd8 30. Qb3 Kh7 31. h5 g5 32. Rxc8 Rxc8 33. Rxd5 exd5 34. Bd3 Qf6 35. g4 Rc3 36. Qxd5 Rxa3 37. Bxf5+ Kg7 38. Be4 Ra1 39. Kg3 Re1 40. Kf2 Rc1 41. Kg3 Rc3 42. Bd3 Rc8 43. f4 Rd8 44. Qe4 Kf8 45. Qh7 gxf4+ 46. exf4 Qc3 47. Qh6+ Ke8 48. Kh4 Rxd3 49. Qxa6 Qe1+ 50. Kg5 Qe7+ 51. Qf6 Rd6 52. Qxe7+ Kxe7 53. f5 f6+ 54. Kg6 Rd4 55. g5 Rg4 0-1

[Event "RUS-ch Rapid Men 2018"]
[Site "Sochi"]
[Date "2018.10.05"]
[Round "3"]
[White "Indzhiev, Aldar"]
[Black "Pridorozhni, Aleksei"]
[Result "0-1"]
[ECO "A41"]
[WhiteElo "2218"]
[BlackElo "2574"]
[Annotator "ChessBase"]
[PlyCount "102"]
[EventDate "2018.10.05"]
[EventType "swiss"]
[EventCountry "RUS"]
[SourceTitle "playchess.com"]
[Source "ChessBase"]
[SourceQuality "1"]
[TimeControl "900+10"]

1. d4 d6 2. Nf3 Bg4 3. c4 Nd7 4. Nbd2 c6 5. h3 Bh5 6. g4 Bg6 7. Nh4 e5 8. Nxg6 hxg6 9. dxe5 dxe5 10. Bg2 Qc7 11. Qc2 Ngf6 12. b3 a5 13. a3 Nc5 14. Bb2 Ne6 15. e3 Be7 16. Rd1 O-O 17. h4 Rad8 18. h5 gxh5 19. gxh5 Nc5 20. Ke2 Nd3 21. Ne4 Nxb2 22. Qxb2 Nxe4 23. Bxe4 Rxd1 24. Rxd1 f5 25. Bc2 e4 26. Qd4 Rd8 27. Qa1 Rxd1 28. Qxd1 Bxa3 29. Qg1 Qf7 30. Qh2 Bf8 31. f3 a4 32. fxe4 a3 33. Bb1 fxe4 34. h6 Qf3+ 35. Kd2 Bb4+ 36. Kc2 Qxe3 37. hxg7 Qc3+ 38. Kd1 Qxb3+ 39. Bc2 Qf3+ 40. Kc1 Qf1+ 41. Bd1 Qxc4+ 42. Bc2 Kxg7 43. Qc7+ Kf6 44. Qd8+ Ke5 45. Qc7+ Kd5 46. Qd8+ Kc5 47. Qf8+ Kb6 48. Qf6 a2 49. Qf2+ Bc5 50. Qf6 Be3+ 51. Kd1 Qd4+ 0-1

[Event "RUS-ch Rapid Men 2018"]
[Site "Sochi"]
[Date "2018.10.05"]
[Round "4"]
[White "Kryakvin, Dmitry"]
[Black "Linker, Mikhail"]
[Result "1/2-1/2"]
[ECO "A45"]
[WhiteElo "2595"]
[BlackElo "2269"]
[Annotator "ChessBase"]
[PlyCount "58"]
[EventDate "2018.10.05"]
[EventType "swiss"]
[EventCountry "RUS"]
[SourceTitle "playchess.com"]
[Source "ChessBase"]
[SourceQuality "1"]
[TimeControl "900+10"]

1. d4 Nf6 2. Bg5 Ne4 3. Bf4 d5 4. e3 c6 5. Nd2 Qa5 6. Bd3 Bf5 7. Ngf3 e6 8. O-O Nxd2 9. Nxd2 Bxd3 10. cxd3 Nd7 11. a3 Be7 12. b4 Qb6 13. Nb3 O-O 14. Qc2 Rfe8 15. Rfb1 Bf6 16. Nc5 Rad8 17. Qc3 e5 18. Nxd7 Rxd7 19. dxe5 d4 20. exd4 Rxd4 21. Be3 Bxe5 22. Re1 Rdd8 23. Qxe5 Rxe5 24. Bxb6 Rxe1+ 25. Rxe1 axb6 26. Re7 Kf8 27. Rxb7 Rxd3 28. g3 Rxa3 29. Rxb6 Rb3 1/2-1/2

[Event "RUS-ch Rapid Men 2018"]
[Site "Sochi"]
[Date "2018.10.05"]
[Round "4"]
[White "Bocharov, Ivan"]
[Black "Maletin, Pavel"]
[Result "1-0"]
[ECO "C50"]
[WhiteElo "2563"]
[BlackElo "2586"]
[Annotator "ChessBase"]
[PlyCount "81"]
[EventDate "2018.10.05"]
[EventType "swiss"]
[EventCountry "RUS"]
[SourceTitle "playchess.com"]
[Source "ChessBase"]
[SourceQuality "1"]
[TimeControl "900+10"]

1. e4 e5 2. Bc4 Nf6 3. d3 Nc6 4. Nf3 Bc5 5. O-O d6 6. c3 h6 7. Re1 O-O 8. a4 a5 9. Nbd2 Ne7 10. Nf1 Ng6 11. Ng3 c6 12. h3 d5 13. Ba2 Bd6 14. d4 dxe4 15. Nxe4 Nxe4 16. Rxe4 Bf5 17. Re1 e4 18. Nd2 Qh4 19. Nf1 Rae8 20. Bb1 Bf4 21. Bxf4 Nxf4 22. Ng3 Bxh3 23. Bxe4 Bg4 24. Qb3 Re7 25. d5 Rfe8 26. dxc6 bxc6 27. Re3 Qg5 28. Rae1 c5 29. Qb5 Bd7 30. Qxa5 h5 31. Bc2 Rxe3 32. Rxe3 Rxe3 33. fxe3 Ne6 34. Qa8+ Nf8 35. Qf3 h4 36. Ne4 Qe7 37. a5 Bc6 38. Qf5 Nd7 39. a6 g6 40. Qf4 Kg7 41. Qd6 1-0

[Event "RUS-ch Rapid Men 2018"]
[Site "Sochi"]
[Date "2018.10.05"]
[Round "4"]
[White "Bocharov, Dmitry"]
[Black "Smirnov, Timofey"]
[Result "1-0"]
[ECO "D12"]
[WhiteElo "2557"]
[BlackElo "2332"]
[Annotator "ChessBase"]
[PlyCount "75"]
[EventDate "2018.10.05"]
[EventType "swiss"]
[EventCountry "RUS"]
[SourceTitle "playchess.com"]
[Source "ChessBase"]
[SourceQuality "1"]
[TimeControl "900+10"]

1. d4 d5 2. c4 c6 3. Nf3 Nf6 4. e3 Bf5 5. Nc3 e6 6. Nh4 Be4 7. f3 Bg6 8. g3 Be7 9. Bd2 Nbd7 10. Rc1 O-O 11. cxd5 exd5 12. Be2 Re8 13. O-O c5 14. Be1 a6 15. Bf2 cxd4 16. exd4 b5 17. Nxg6 hxg6 18. a4 b4 19. Nb1 Qa5 20. Nd2 Rec8 21. Ra1 Qc7 22. a5 Qc2 23. Rb1 Bd8 24. Nb3 Ne8 25. Qxc2 Rxc2 26. Bd3 Rc7 27. Rfc1 Nd6 28. Rxc7 Bxc7 29. Rc1 Bd8 30. Be1 Bg5 31. Rc6 Nf5 32. Bf2 Nb8 33. Rc8+ Kh7 34. Bxf5 gxf5 35. Nc5 Be7 36. Re8 Bd6 37. Nb7 Bc7 38. Rc8 1-0

[Event "RUS-ch Rapid Men 2018"]
[Site "Sochi"]
[Date "2018.10.05"]
[Round "4"]
[White "Krylov, Mikhail"]
[Black "Stambulian, Arsen"]
[Result "1-0"]
[ECO "D85"]
[WhiteElo "2476"]
[BlackElo "2339"]
[Annotator "ChessBase"]
[PlyCount "59"]
[EventDate "2018.10.05"]
[EventType "swiss"]
[EventCountry "RUS"]
[SourceTitle "playchess.com"]
[Source "ChessBase"]
[SourceQuality "1"]
[TimeControl "900+10"]

1. d4 Nf6 2. c4 g6 3. Nc3 d5 4. cxd5 Nxd5 5. e4 Nxc3 6. bxc3 Bg7 7. Nf3 c5 8. Rb1 O-O 9. Be2 b6 10. O-O Bb7 11. Qd3 Qd7 12. d5 e6 13. c4 Na6 14. Bb2 exd5 15. Bxg7 Kxg7 16. cxd5 Kg8 17. Ne5 Qe7 18. f4 Rad8 19. Bf3 Nb4 20. Qb3 Kg7 21. a3 Na6 22. Rbd1 Nb8 23. Nc4 Ba6 24. e5 b5 25. Nd2 b4 26. Rfe1 c4 27. Qxb4 Qxb4 28. axb4 Rc8 29. Ne4 Nd7 30. Ra1 1-0

[Event "RUS-ch Rapid Men 2018"]
[Site "Sochi"]
[Date "2018.10.05"]
[Round "4"]
[White "Kezin, Roman"]
[Black "Rozum, Ivan"]
[Result "1-0"]
[ECO "E01"]
[WhiteElo "2471"]
[BlackElo "2573"]
[Annotator "RC"]
[PlyCount "105"]
[EventDate "2018.10.05"]
[EventType "swiss"]
[EventCountry "RUS"]
[SourceTitle "playchess.com"]
[Source "ChessBase"]
[SourceQuality "1"]
[TimeControl "900+10"]

1. d4 Nf6 2. c4 e6 3. g3 d5 4. Bg2 Bb4+ 5. Bd2 Bd6 6. Nf3 c6 7. O-O Nbd7 8. b3 Ne4 9. Nc3 Nxd2 10. Qxd2 O-O 11. c5 Bc7 12. e4 Ba5 13. exd5 exd5 14. a3 Nf6 15. b4 Bc7 16. Qd3 g6 17. Rfe1 Bf5 18. Qd2 Be4 19. Nxe4 Nxe4 20. Qd3 Re8 21. Nd2 f5 22. Re2 Qf6 23. Rae1 Kf8 24. Nf3 Re7 25. Ne5 Bxe5 26. dxe5 Qg7 27. f3 Ng5 28. f4 Ne6 29. Rc1 a6 30. h3 Kg8 31. a4 Rf7 32. Rf2 Raf8 33. h4 h6 34. Bf3 g5 35. Bh5 Re7 36. fxg5 hxg5 37. Rxf5 gxh4 38. g4 Nf4 39. Rxf8+ Qxf8 40. Qe3 Qh6 41. Rf1 Nh3+ 42. Qxh3 Rxe5 43. Qxh4 Qe3+ 44. Kh2 Rg5 45. Qg3 Re5 46. Qxe3 Rxe3 47. Rf7 a5 48. bxa5 Rb3 49. Rc7 Rb2+ 50. Kg3 d4 51. a6 bxa6 52. Rxc6 d3 53. Rxa6 1-0

[Event "RUS-ch Rapid Men 2018"]
[Site "Sochi"]
[Date "2018.10.05"]
[Round "4"]
[White "Belyakov, Bogdan"]
[Black "Sakaev, Konstantin"]
[Result "1/2-1/2"]
[ECO "B22"]
[WhiteElo "2458"]
[BlackElo "2584"]
[Annotator "ChessBase"]
[PlyCount "70"]
[EventDate "2018.10.05"]
[EventType "swiss"]
[EventCountry "RUS"]
[SourceTitle "playchess.com"]
[Source "ChessBase"]
[SourceQuality "1"]
[TimeControl "900+10"]

1. e4 c5 2. c3 d5 3. exd5 Qxd5 4. d4 Nc6 5. Nf3 Bf5 6. Be2 cxd4 7. Nxd4 O-O-O 8. O-O Nf6 9. Nxf5 Qxf5 10. Qa4 Qe4 11. Qxe4 Nxe4 12. Bf3 Nf6 13. Re1 e6 14. Nd2 Nd5 15. Nc4 Be7 16. Kf1 Bf6 17. a4 Rd7 18. a5 Rhd8 19. a6 b6 20. Ne3 Nce7 21. Nxd5 Nxd5 22. Ra4 Kb8 23. h4 Be7 24. h5 Rc7 25. g3 h6 26. Rg4 Bf6 27. Ra4 Rc5 28. Rd1 Kc7 29. c4 b5 30. cxd5 bxa4 31. Bf4+ Kb6 32. Ra1 Bxb2 33. Rxa4 exd5 34. Rb4+ Rb5 35. Bc7+ Kxc7 1/2-1/2